Map: Abyssal Reef LE

Players

Nerchio

  • Race: Zerg Zerg
  • Spawn Location: 11:00

TIME (Oliveira) - Winner!

  • Race: Terran Terran
  • Spawn Location: 5:00

Event: WCS Jonkoping 2017

VOD

Have the link to the VOD?

Description

Time

  • Played on: June 17, 2017, 2:07 p.m.
  • Length: 39:07

All games in this series

Show
View Real Time Build Order
Export as new Build Order

Nerchio Zerg 

Build Orders: Pool First 

Get SALT Encoding   

  12  0:00  Drone  
  13  0:12  Overlord  
  13  0:17  Drone  
  14  0:31  Drone x2  
  14  0:34  Drone  
  17  0:45  Spawning Pool  
  17  0:49  Drone  
  17  0:56  Drone  
  18  1:03  Extractor  
  17  1:14  Hatchery  
  17  1:17  Drone  
  17  1:32  Queen, Zergling x2  
  20  1:36  Drone  
  21  1:40  Drone  
  22  1:49  Overlord  
  22  2:00  Roach Warren  
  21  2:02  Zergling x2  
  22  2:09  Extractor  
  22  2:15  Drone  
  22  2:17  Spine Crawler  
  21  2:40  Roach x4  
  29  2:45  Roach  
  31  2:56  Drone x3  
  33  3:04  Ravager  
  32  3:12  Ravager, Drone x2  
  33  3:14  Drone x2  
  33  3:19  Drone  
  34  3:25  Roach  
  33  3:35  Drone x2  
  33  3:40  Queen  
  34  3:43  Roach  
  36  3:49  Overlord  
  36  4:07  Lair, Drone  
  36  4:08  Drone x3  
  40  4:15  Queen, Drone  
  43  4:18  Drone  
  43  4:22  Overlord  
  44  4:25  Spore Crawler  
  44  4:27  Drone  
  44  4:31  Spore Crawler  
  43  4:40  Spore Crawler  
  43  4:41  Roach x2  
  43  4:44  Roach  
  48  4:46  Roach  
  50  4:57  Spore Crawler  
  50  4:58  Drone x3  
  52  5:05  Overlord  
  52  5:18  Overlord  
  53  5:22  Queen x2  
  50  5:30  Drone, Roach x2  
  50  5:31  Drone x3  
  50  5:34  Drone  
  59  5:37  Ravager  
  59  5:38  Drone  
  59  5:40  Extractor  
  60  5:42  Extractor  
  59  5:58  Pneumatized Carapace, Drone x6  
  59  6:02  Overlord  
  59  6:04  Overseer  
  62  6:12  Drone  
  62  6:16  Drone  
  62  6:18  Spire  
  63  6:24  Glial Reconstitution  
  63  6:26  Drone  
  63  6:28  Drone  
  63  6:30  Hatchery, Drone  
  65  6:37  Drone  
  65  6:39  Drone  
  67  6:49  Overlord  
  67  6:51  Overlord  
  67  6:53  Hatchery  
  66  6:56  Evolution Chamber  
  65  7:02  Evolution Chamber  
  65  7:07  Drone  
  65  7:08  Drone x3  
  68  7:11  Queen  
  68  7:13  Drone  
  71  7:18  Drone  
  71  7:22  Infestation Pit  
  71  7:28  Overlord x2  
  71  7:32  Overlord  
  71  7:46  Zerg Missile Weapons Level 1  
  71  7:47  Zerg Ground Armor Level 1, Mutalisk x4  
  71  7:48  Mutalisk  
  81  7:57  Drone x2  
  81  7:58  Drone x2  
  85  8:04  Drone  
  85  8:05  Drone x2  
  88  8:14  Extractor  
  88  8:18  Extractor  
  88  8:19  Infestor x2  
  90  8:23  Roach x5  
  100  8:35  Overlord  
  100  8:42  Hatchery  
  100  8:44  Ravager x4  
  100  8:46  Roach  
  105  8:49  Roach  
  105  8:52  Roach x2  
  104  8:57  Roach x2  
  104  9:00  Roach x2  
  104  9:02  Roach  
  94  9:18  Roach x2  
  94  9:19  Hatchery  
  94  9:21  Roach  
  94  9:24  Ravager x2  
  95  9:25  Ravager  
  95  9:35  Roach x2  
  95  9:36  Roach  
  95  9:37  Drone  
  89  9:39  Drone  
  89  9:41  Drone  
  89  9:45  Drone  
  92  9:54  Hive  
  92  10:05  Zerg Ground Armor Level 2  
  92  10:07  Roach  
  92  10:08  Roach  
  92  10:11  Roach  
  92  10:14  Roach  
  100  10:15  Roach  
  100  10:19  Roach  
  100  10:20  Roach  
  106  10:24  Overlord  
  106  10:25  Overlord  
  104  10:33  Roach x3  
  102  10:37  Roach x2  
  102  10:41  Roach  
  102  10:42  Roach  
  108  10:47  Ravager x2  
  108  10:48  Ravager  
  108  10:49  Roach  
  113  10:51  Roach  
  113  10:53  Roach  
  117  11:05  Overlord x2  
  117  11:08  Overlord  
  117  11:09  Ultralisk Cavern  
  116  11:20  Drone x3  
  116  11:22  Drone  
  116  11:24  Drone  
  116  11:25  Hatchery, Drone  
  119  11:34  Zerg Melee Weapons Level 1  
  119  11:36  Roach x3  
  119  11:39  Roach  
  127  11:40  Roach  
  129  11:52  Roach x4  
  129  11:54  Roach  
  129  11:55  Roach  
  129  11:57  Roach  
  129  12:00  Roach  
  126  12:03  Roach  
  126  12:04  Roach  
  130  12:09  Roach  
  130  12:10  Roach  
  130  12:14  Roach  
  130  12:15  Roach  
  136  12:20  Overlord  
  129  12:31  Chitinous Plating  
  129  12:42  Drone  
  130  12:44  Overlord x2  
  130  12:47  Hatchery  
  129  13:03  Infestor x2  
  129  13:05  Ultralisk  
  139  13:07  Roach  
  139  13:08  Roach x2, Overlord x2  
  145  13:15  Overlord  
  146  13:20  Ravager  
  146  13:21  Overlord  
  146  13:22  Overlord  
  146  13:34  Overlord  
  145  13:37  Hatchery  
  138  13:43  Roach x8  
  138  13:46  Roach  
  141  13:49  Drone  
  128  13:57  Drone x5  
  133  14:03  Infestor x2  
  133  14:06  Infestor  
  139  14:11  Queen  
  141  14:26  Spore Crawler, Ultralisk  
  141  14:27  Spore Crawler  
  143  14:41  Ultralisk  
  147  14:51  Drone  
  147  14:52  Drone x5  
  142  15:08  Hatchery  
  141  15:19  Zerg Ground Armor Level 3  
  141  15:24  Infestor  
  123  15:39  Ultralisk  
  123  15:41  Zergling x10  
  118  15:45  Drone x3  
  121  15:56  Queen x2  
  124  16:09  Ultralisk  
  106  16:18  Zergling x2  
  106  16:19  Zergling x8  
  105  16:29  Zergling x10  
  105  16:30  Zergling x2  
  111  16:34  Queen  
  113  16:41  Infestor  
  113  16:46  Queen  
  117  16:51  Zergling x16  
  100  17:10  Ultralisk  
  100  17:11  Zergling x12  
  92  17:25  Roach  
  92  17:26  Roach x4  
  92  17:29  Queen x4  
  107  17:32  Roach  
  107  17:33  Roach  
  113  17:37  Roach  
  113  17:40  Roach  
  113  17:42  Roach  
  119  17:45  Roach  
  117  17:56  Roach x3  
  117  17:57  Roach x2  
  119  17:59  Roach  
  121  18:07  Metabolic Boost  
  121  18:08  Zergling x2  
  121  18:09  Zergling x4  
  124  18:14  Queen  
  124  18:16  Hatchery  
  125  18:21  Extractor  
  124  18:33  Ultralisk  
  130  18:42  Hatchery  
  130  18:45  Ultralisk  
  135  18:59  Roach x4  
  143  19:04  Overlord x4  
  143  19:07  Overlord  
  143  19:10  Overlord  
  141  19:23  Roach x5  
  137  19:29  Roach  
  137  19:30  Roach x2  
  126  19:33  Roach  
  126  19:35  Roach  
  116  19:38  Zergling x4  
  116  19:41  Roach  
  116  19:42  Zergling x2  
  116  19:45  Zergling x4  
  116  19:47  Roach  
  116  19:51  Roach  
  116  19:52  Ravager  
  114  19:53  Ravager x2  
  114  19:57  Roach  
  115  20:01  Ravager x5  
  114  20:14  Roach x2  
  114  20:15  Roach  
  108  20:24  Ultralisk  
  112  20:35  Ultralisk  
  118  20:43  Ultralisk  
  124  20:50  Zergling x8  
  124  20:51  Zergling x2  
  129  21:00  Ultralisk  
  135  21:18  Ultralisk  
  141  21:19  Zergling x2  
  141  21:20  Zergling x14  
  141  21:22  Zergling x2  
  141  21:24  Zergling x4  
  152  21:36  Ultralisk  
  152  21:52  Extractor  
  151  21:55  Ultralisk  
  151  21:58  Hatchery  
  151  21:59  Zergling x6  
  159  22:02  Zergling x2  
  159  22:03  Zergling x2  
  159  22:07  Zergling x4  
  163  22:13  Zergling x6  
  157  22:26  Infestor  
  157  22:29  Zergling x10  
  143  22:45  Zergling x6  
  143  22:46  Zergling x6  
  130  23:00  Ultralisk  
  130  23:02  Drone  
  130  23:04  Drone  
  138  23:16  Zergling x8  
  142  23:27  Zergling x12  
  143  23:34  Zergling x10  
  147  23:41  Drone x2  
  144  23:53  Drone  
  144  23:54  Drone x4  
  127  24:12  Drone x3  
  124  24:17  Drone  
  124  24:19  Drone  
  124  24:21  Drone  
  121  24:40  Hatchery  
  119  25:08  Drone  
  119  25:09  Drone  
  119  25:10  Hatchery, Drone  
  121  25:17  Drone x2  
  123  25:27  Infestor  
  125  25:33  Extractor  
  120  25:51  Spore Crawler  
  119  26:03  Zergling x14  
  126  26:06  Burrow  
  123  26:15  Drone  
  123  26:16  Drone  
  123  26:17  Extractor  
  122  26:18  Extractor  
  120  26:41  Hatchery  
  119  26:49  Drone x6  
  119  26:50  Drone, Ultralisk Cavern  
  119  26:53  Drone  
  126  26:55  Drone  
  125  27:05  Zergling x2  
  125  27:06  Zergling x4  
  118  27:37  Ultralisk  
  118  27:38  Ultralisk  
  128  27:45  Ultralisk  
  128  27:47  Hatchery  
  132  27:54  Drone x6  
  138  28:04  Ultralisk  
  138  28:05  Extractor  
  140  28:14  Drone x5  
  140  28:16  Drone  
  146  28:26  Ultralisk  
  151  28:41  Zergling x12  
  150  28:49  Infestor  
  152  28:56  Ultralisk  
  152  28:57  Extractor  
  152  29:02  Zergling x8  
  159  29:13  Ultralisk  
  159  29:17  Zergling x6  
  151  29:18  Zergling x2  
  151  29:21  Zergling x2  
  146  29:37  Ultralisk  
  116  29:39  Zergling x14  
  122  29:48  Ultralisk  
  122  29:52  Zergling x6  
  131  29:59  Roach x2  
  134  30:05  Roach  
  137  30:10  Infestor  
  137  30:21  Hatchery  
  134  30:22  Infestor  
  134  30:29  Zergling x8  
  137  30:36  Zergling x6  
  137  30:42  Infestor  
  139  31:08  Hatchery  
  139  31:09  Infestor  
  139  31:11  Drone x6  
  138  31:44  Ultralisk  
  144  31:51  Hatchery  
  143  31:56  Ultralisk  
  134  32:13  Zergling x18  
  119  32:32  Ultralisk  
  122  32:40  Ultralisk  
  127  32:49  Zergling x6  
  130  32:54  Zergling x2  
  130  32:57  Zergling x2  
  130  33:03  Zergling x2  
  114  33:19  Infestor x2  
  102  33:45  Drone x11  
  102  33:47  Hatchery  
  98  34:00  Drone  
  98  34:08  Drone  
  98  34:09  Drone  
  91  35:19  Hatchery  
  90  35:21  Drone  
  90  35:22  Drone x3  
  94  35:32  Infestor  
  96  35:35  Infestor  
  96  35:39  Infestor  
  100  35:46  Roach x2  
  102  35:54  Roach  
  104  36:05  Zergling x10  
  109  36:13  Zergling x6  
  109  36:15  Zergling x2  
  105  36:21  Zergling x12  
  108  36:28  Zergling x4  
  108  36:29  Zergling x2  
  108  36:31  Zergling x2  
  86  36:34  Zergling x2  
  87  36:45  Zergling x8  
  51  37:06  Zergling x16  
  59  37:15  Zergling x6  
  62  37:16  Zergling x2  
  61  37:36  Zergling x8  
  61  37:37  Zergling x8  
  66  37:45  Ultralisk Cavern  
  58  38:05  Extractor  
  58  38:07  Extractor  
  56  38:13  Zergling x2  
  56  38:14  Zergling x16  
  56  38:15  Zergling x2  
  67  38:21  Zergling x4  
  67  38:25  Zergling x2  
Show
View Real Time Build Order
Export as new Build Order

TIME Terran - Winner!

Build Orders: MMM Bio 

Get SALT Encoding   

  12  0:00  SCV  
  13  0:12  SCV  
  14  0:18  Supply Depot  
  14  0:25  SCV  
  15  0:40  Barracks  
  15  0:45  Refinery  
  15  0:58  Barracks  
  15  1:03  SCV  
  16  1:15  SCV  
  17  1:27  Marine, Orbital Command  
  18  1:40  Bunker  
  18  1:45  Marine x2  
  20  1:53  SCV  
  21  2:02  Marine  
  21  2:07  Marine  
  23  2:08  Factory  
  23  2:15  Supply Depot  
  23  2:30  Refinery  
  23  2:37  Marine x2, SCV  
  26  2:49  SCV  
  27  2:55  Marine  
  28  3:01  SCV, Starport  
  28  3:04  Marine  
  29  3:12  Marine  
  29  3:14  SCV  
  29  3:16  Factory Tech Lab  
  28  3:23  Reaper  
  28  3:26  SCV  
  28  3:39  SCV  
  26  3:45  Marine  
  26  3:51  Banshee  
  26  3:54  Marine  
  26  3:55  SCV, Supply Depot  
  31  4:15  Supply Depot  
  31  4:17  Marine x2, Cyclone, SCV  
  31  4:20  Supply Depot  
  37  4:29  SCV  
  38  4:34  Marine  
  38  4:36  Marine, Banshee  
  38  4:37  Supply Depot  
  43  4:49  Cyclone  
  43  4:52  Marine  
  46  4:54  Marine  
  48  5:10  Marine  
  48  5:11  Command Center  
  48  5:12  Marine  
  44  5:41  Factory Tech Lab  
  45  5:42  SCV, Barracks  
  45  5:50  Viking  
  45  5:55  SCV  
  48  6:07  SCV  
  44  6:19  SCV  
  44  6:20  Siege Tank  
  44  6:23  Starport Reactor  
  48  6:26  Orbital Command  
  48  6:31  SCV  
  48  6:32  Marine  
  50  6:33  Stimpack  
  50  6:37  Engineering Bay  
  50  6:43  SCV  
  51  6:51  Barracks Reactor, SCV  
  51  6:53  Barracks Reactor  
  52  6:54  Marine  
  52  6:55  SCV  
  52  6:59  Siege Tank  
  57  7:03  SCV, Refinery, Terran Infantry Weapons Level 1  
  57  7:04  Refinery  
  57  7:06  Supply Depot  
  57  7:07  SCV  
  59  7:14  Barracks  
  59  7:15  Barracks  
  59  7:16  SCV  
  59  7:19  SCV  
  62  7:28  SCV, Marine x2  
  65  7:30  Marine x2  
  65  7:31  SCV  
  65  7:32  Supply Depot  
  65  7:36  Siege Tank  
  70  7:37  Marine  
  70  7:40  SCV  
  70  7:43  SCV, Medivac  
  75  7:47  Marine, Medivac  
  75  7:49  Marine  
  79  7:51  Marine  
  79  7:56  Marine  
  82  7:59  Supply Depot  
  82  8:03  Barracks Reactor  
  82  8:04  Barracks Reactor  
  82  8:05  Marine  
  82  8:09  SCV  
  82  8:10  Supply Depot  
  84  8:13  Siege Tank  
  84  8:14  Marine  
  84  8:18  Marine x3  
  90  8:22  Medivac  
  92  8:28  Medivac  
  92  8:29  Supply Depot  
  92  8:33  Marine  
  95  8:34  Marine  
  95  8:37  Combat Shields  
  95  8:41  Marine  
  97  8:45  Marine  
  98  8:49  SCV  
  98  8:51  Marine  
  97  8:57  Marine  
  97  8:58  Marine  
  97  8:59  Marine  
  97  9:00  Marine x2  
  89  9:03  Marine  
  89  9:04  Marine  
  89  9:05  Marine  
  89  9:09  Marine  
  77  9:11  Siege Tank, Medivac x2  
  77  9:15  Marine  
  77  9:16  Marine  
  86  9:17  Marine  
  86  9:18  Marine x2  
  86  9:20  Marine  
  86  9:22  Marine  
  86  9:23  SCV, Marine  
  92  9:27  Marine  
  91  9:33  Marine  
  91  9:34  Marine  
  91  9:35  Marine  
  91  9:36  Marine  
  91  9:37  Marine  
  85  9:38  Marine  
  85  9:40  Terran Infantry Armor Level 1, Marine  
  85  9:44  Marine  
  89  9:49  Siege Tank  
  89  9:50  Marine  
  89  9:52  Marine x2  
  94  9:54  Marine  
  94  9:56  Medivac  
  94  9:58  Marine  
  98  10:00  Orbital Command  
  98  10:04  Medivac  
  100  10:07  Marine  
  100  10:09  Marine  
  100  10:10  Marine  
  100  10:13  Marine  
  104  10:15  Marine x2  
  104  10:18  Marine  
  104  10:19  Marine  
  108  10:27  Marine  
  108  10:28  Marine x2  
  105  10:29  Marine  
  105  10:32  Marine  
  105  10:34  Marine  
  105  10:35  Marine  
  104  10:37  Marine  
  104  10:38  Marine  
  104  10:42  Siege Tank  
  107  10:48  Marine, Supply Depot  
  107  10:49  Marine  
  109  10:50  Marine  
  109  10:54  Marine  
  109  10:55  Marine  
  112  11:01  Marine  
  112  11:02  Marine  
  112  11:03  Marine x2  
  109  11:10  Marine, Armory  
  109  11:11  Engineering Bay  
  110  11:18  Marine  
  110  11:20  Siege Tank  
  110  11:22  Marine x3  
  110  11:23  Marine x4  
  121  11:27  Marine  
  121  11:36  Marine  
  121  11:37  Supply Depot  
  122  11:40  Marine x4, Supply Depot  
  126  11:48  Marine  
  126  11:49  Marine  
  126  11:50  Marine x2  
  126  11:54  Marine  
  115  11:57  Marine  
  115  11:58  Marine x3  
  115  12:01  Siege Tank  
  119  12:06  Marine  
  119  12:07  Marine  
  119  12:08  Marine x2  
  111  12:11  Marine  
  111  12:12  Terran Infantry Armor Level 2  
  112  12:15  Marine  
  112  12:16  Marine x3  
  108  12:24  Marine  
  108  12:25  Marine  
  108  12:26  Marine  
  108  12:28  SCV x2  
  110  12:30  Refinery  
  110  12:31  Marine, Refinery  
  110  12:36  Marine  
  112  12:40  Siege Tank, Marine x2  
  112  12:41  Command Center  
  112  12:42  Marine  
  118  12:45  Marine  
  118  12:46  Marine  
  118  12:47  Marine  
  118  12:48  Marine  
  118  12:49  Marine  
  123  12:55  Terran Infantry Weapons Level 2  
  122  13:02  Marine x2  
  122  13:04  Marine  
  121  13:05  Marine  
  121  13:06  Marine  
  121  13:07  Marine  
  121  13:10  Marine  
  121  13:12  Marine x2  
  127  13:19  Marine, Medivac x2  
  129  13:20  Siege Tank, Marine  
  134  13:27  Marine  
  134  13:28  Marine  
  134  13:32  Marine  
  129  13:36  Marine  
  129  13:37  Marine  
  131  13:42  Marine  
  115  13:50  Marine  
  115  13:51  Marine  
  115  13:52  Siege Tank  
  115  13:53  Marine x2  
  115  13:54  Marine, Medivac  
  115  13:55  Medivac  
  111  14:02  SCV x2  
  111  14:06  Barracks Tech Lab  
  111  14:07  Orbital Command, Barracks Tech Lab  
  111  14:08  Marine x2  
  113  14:11  Marine  
  113  14:12  Marine  
  113  14:14  Marine  
  116  14:25  Marine x2  
  116  14:26  Marine  
  116  14:27  Siege Tank  
  116  14:28  Marauder, Concussive Shells  
  116  14:29  Marine, SCV x2  
  116  14:30  Marine  
  122  14:40  Marine  
  122  14:43  Marauder, Marine  
  122  14:45  Marine  
  117  14:47  Marine  
  117  14:48  Marine  
  117  14:49  Marauder  
  121  14:58  Marauder  
  107  15:01  Siege Tank, Marine  
  107  15:03  Marine  
  107  15:04  Marine, Medivac x2  
  107  15:05  Marauder, SCV  
  120  15:09  SCV x2, Marine  
  120  15:10  Marauder  
  125  15:19  Marauder, Marine  
  125  15:21  Marine  
  129  15:22  Marine  
  129  15:26  Marauder  
  129  15:27  Marine  
  133  15:28  SCV  
  133  15:30  Liberator  
  133  15:31  Liberator, Marine  
  121  15:37  Marine  
  121  15:38  Marine  
  121  15:40  Marine  
  121  15:41  Marauder  
  107  15:44  Marine  
  107  15:45  Siege Tank  
  107  15:47  Marauder  
  107  15:49  Marine  
  120  15:54  Marine  
  120  15:56  Marine  
  122  15:58  Marine  
  122  16:02  Marauder, Marine, SCV  
  127  16:07  Marauder  
  127  16:08  Marine  
  119  16:12  Marine  
  119  16:14  Marine  
  119  16:16  Marine  
  118  16:20  Marine  
  118  16:24  Marauder  
  118  16:25  Siege Tank  
  119  16:26  SCV  
  119  16:27  Marauder  
  119  16:29  Marauder  
  119  16:30  Marine  
  119  16:31  SCV x2  
  119  16:32  Marine, Supply Depot  
  127  16:33  Terran Infantry Weapons Level 3, Marine  
  126  16:45  Marauder  
  126  16:46  Medivac  
  126  16:48  Marauder, Marine  
  126  16:49  Marine  
  126  16:50  Marine x2  
  132  16:54  Marine  
  115  17:06  Marine x3, SCV  
  115  17:08  Marauder, Marine  
  115  17:14  Marine  
  104  17:16  Marine  
  104  17:17  Medivac x2  
  104  17:18  SCV  
  104  17:23  Marine  
  104  17:24  Marauder, Marine  
  104  17:26  Marine  
  104  17:29  Marauder  
  111  17:31  Siege Tank, Marine  
  111  17:34  Marine  
  116  17:41  Marine  
  112  17:52  Marauder x2, Marine x4  
  102  17:59  Marine  
  102  18:04  Medivac x2  
  102  18:05  Orbital Command  
  107  18:06  Siege Tank  
  107  18:09  Marine x2  
  107  18:10  Marauder, Marine, Refinery  
  115  18:13  Marine  
  115  18:14  Marauder  
  115  18:17  Marine  
  119  18:26  SCV x2  
  121  18:27  Marine x3  
  121  18:31  Marauder, Marine  
  127  18:35  Marauder, Marine  
  127  18:36  SCV  
  127  18:38  SCV, Supply Depot  
  132  18:41  Siege Tank  
  132  18:45  Marine x3  
  138  18:49  Marine, Medivac  
  138  18:52  Marine x2  
  143  18:56  Marauder  
  145  19:06  Marine x2  
  145  19:07  Marauder, Marine  
  150  19:10  Medivac  
  150  19:11  Marauder  
  148  19:22  Marine  
  148  19:23  Marauder  
  134  19:24  Marine  
  134  19:25  Marine  
  121  19:34  Marine  
  121  19:35  Marine  
  121  19:36  Marauder  
  119  19:41  Marine, Medivac x2  
  119  19:42  Siege Tank, Marine  
  119  19:45  Marauder, SCV  
  124  19:49  Marine  
  122  19:53  SCV x2  
  122  19:54  Marine  
  122  19:57  Marauder  
  122  19:58  SCV  
  128  20:03  Marine x2  
  128  20:05  SCV  
  129  20:13  Marine  
  116  20:20  Marine x2  
  116  20:21  Marauder x2, Marine  
  100  20:22  Siege Tank  
  100  20:25  Marine  
  100  20:26  SCV  
  100  20:28  SCV  
  107  20:30  Medivac  
  107  20:32  Marine  
  107  20:34  Medivac  
  112  20:38  Marine  
  112  20:40  SCV, Marine  
  112  20:41  Marauder  
  117  20:43  Marauder, Marine  
  117  20:48  Marauder  
  122  20:50  Marine  
  122  20:53  SCV  
  122  20:56  Marine  
  125  21:00  Marine  
  125  21:01  Marine  
  125  21:02  Marauder  
  129  21:04  Marauder  
  129  21:08  Marine x2  
  129  21:09  SCV  
  132  21:13  Marine  
  132  21:17  Marine  
  132  21:19  Siege Tank, Marine  
  132  21:23  Marauder  
  132  21:25  Supply Depot  
  138  21:26  Marauder, Marine  
  138  21:27  Marauder  
  138  21:32  Marine, SCV  
  144  21:35  Marine  
  144  21:36  Orbital Command  
  144  21:37  Marine  
  143  21:44  Marine x2  
  143  21:46  Marine  
  146  21:47  Medivac  
  146  21:48  Marauder, Medivac  
  146  21:49  Marine  
  146  21:53  Marine  
  154  21:55  Siege Tank  
  154  22:00  Marine  
  158  22:01  Marine  
  158  22:03  Marauder  
  158  22:05  Marauder, SCV x2  
  165  22:10  Marauder  
  158  22:19  Marine  
  158  22:21  Marine, SCV  
  130  22:24  Marauder  
  130  22:26  Marine  
  130  22:27  Marauder  
  131  22:30  SCV  
  131  22:34  Marine  
  131  22:35  Orbital Command  
  131  22:36  Siege Tank  
  130  22:37  Marauder, Marine  
  130  22:39  SCV  
  130  22:44  SCV  
  130  22:50  Marauder, Marine  
  130  22:51  SCV  
  123  22:53  Marine  
  123  22:54  Marauder  
  123  22:57  Marine x2  
  123  22:58  SCV  
  120  22:59  Marauder  
  120  23:02  SCV  
  120  23:03  SCV  
  120  23:04  Refinery x2  
  124  23:07  Marine  
  124  23:11  Marine  
  124  23:12  Marauder  
  128  23:14  Marine  
  128  23:15  Marine x2  
  131  23:20  Marauder, Command Center  
  131  23:25  Marine  
  132  23:29  Marine  
  132  23:32  Marine  
  132  23:33  Marauder x2, Marine  
  124  23:42  Marauder  
  124  23:43  Marine  
  124  23:46  Marine  
  118  23:50  Marine x2  
  118  23:54  Marauder, Marine  
  113  24:01  Marine  
  106  24:02  Marine  
  106  24:04  Marine  
  106  24:09  Medivac  
  97  24:10  Marine  
  97  24:15  Marine  
  90  24:18  Marine  
  90  24:23  Marine  
  92  24:27  Orbital Command  
  91  24:31  Marine  
  91  24:35  Marine x2  
  98  24:42  Marauder, Marine  
  98  24:43  SCV x2  
  99  24:49  Marine  
  99  24:50  Siege Tank  
  99  24:51  Marine  
  100  24:54  SCV  
  100  24:55  SCV x2  
  100  24:57  Marauder, Marine x2  
  100  24:59  Marine  
  107  25:06  SCV  
  109  25:07  Marine  
  109  25:08  Marauder  
  109  25:12  Marine  
  113  25:15  SCV, Marine  
  113  25:19  Marauder  
  113  25:20  SCV  
  118  25:23  Marine x2  
  118  25:24  Medivac  
  118  25:27  Marine  
  123  25:29  Marauder, SCV  
  123  25:30  Marine  
  123  25:33  Marine  
  128  25:40  Marauder, Marine  
  128  25:41  Marine  
  128  25:45  Marine  
  128  25:48  Marauder  
  128  25:49  Orbital Command  
  131  25:50  Siege Tank, Marine  
  131  25:51  Marine, SCV  
  131  25:55  SCV  
  138  25:58  Marine x2  
  138  25:59  Medivac  
  138  26:01  Marauder  
  143  26:10  Medivac  
  140  26:12  Marine  
  140  26:17  Marauder  
  141  26:18  Marine x2  
  141  26:20  Marine  
  141  26:21  Marauder  
  141  26:23  SCV  
  141  26:24  Marine  
  146  26:30  SCV  
  141  26:36  Marine  
  141  26:37  SCV, Marine  
  143  26:40  Marine  
  143  26:42  SCV  
  143  26:44  Siege Tank  
  143  26:45  Marine  
  151  26:48  Marauder  
  151  26:49  Marine, Supply Depot  
  151  26:53  Marine  
  153  26:54  Marine  
  154  27:05  Medivac  
  144  27:10  Marauder, Marine  
  144  27:12  Marauder, Marine, SCV  
  144  27:14  SCV  
  152  27:16  Marine  
  152  27:17  Marauder, Marine  
  156  27:28  Marine  
  156  27:29  Marine  
  157  27:31  Marine  
  157  27:34  Marine  
  157  27:35  Marauder  
  155  27:38  Marauder, Marine  
  155  27:40  SCV  
  155  27:45  Marine  
  155  27:47  Marine  
  155  27:50  Marauder  
  159  27:52  Missile Turret  
  159  27:55  Siege Tank  
  162  27:59  Orbital Command  
  162  28:04  Bunker  
  162  28:07  Marine  
  162  28:08  Marine  
  162  28:11  SCV  
  167  28:14  SCV  
  167  28:19  Supply Depot  
  166  28:20  Supply Depot  
  166  28:25  Marine  
  166  28:26  Marauder, Marine  
  170  28:30  Missile Turret  
  152  28:46  SCV  
  152  28:47  Marine x2  
  152  28:48  Marauder  
  139  28:49  Siege Tank  
  139  28:50  SCV  
  139  28:51  SCV  
  144  28:58  Marauder, Marine x2  
  144  29:00  Marine  
  149  29:03  Medivac  
  149  29:06  SCV  
  150  29:15  Marine  
  150  29:16  Marine  
  142  29:17  Marauder  
  142  29:18  Medivac  
  142  29:21  Marine  
  142  29:23  Marine  
  142  29:24  Marauder  
  142  29:34  Marine  
  142  29:37  Marine  
  117  29:40  Marine  
  117  29:41  Marauder  
  118  29:47  Siege Tank  
  118  29:50  Marine x2  
  120  29:54  Marauder, Marine  
  120  29:55  SCV  
  120  29:59  Marine x2  
  125  30:02  Marine  
  123  30:07  Marine  
  123  30:08  Marauder  
  123  30:12  Marine  
  124  30:16  Marauder  
  124  30:17  Marine x2  
  124  30:20  Marauder  
  130  30:21  Siege Tank  
  130  30:25  Marine  
  127  30:29  Marauder, Marine  
  127  30:30  SCV x2, Medivac  
  127  30:34  Marine  
  127  30:35  Marine  
  136  30:36  Marine  
  128  30:47  Marauder, Marine  
  130  31:00  Marine  
  130  31:01  Marauder  
  130  31:02  SCV, Marine  
  130  31:03  Marauder, SCV  
  137  31:04  Marine  
  137  31:05  Marine  
  137  31:10  Siege Tank  
  137  31:11  Marauder, SCV  
  142  31:14  SCV  
  142  31:15  SCV  
  144  31:18  Marine  
  144  31:20  Marine  
  144  31:22  Marauder, Marine  
  143  31:27  Marine  
  143  31:28  Marauder  
  143  31:31  Marine  
  143  31:33  SCV  
  143  31:36  Marine  
  143  31:39  Medivac  
  145  31:40  SCV  
  145  31:41  Missile Turret, Supply Depot  
  145  31:46  Marine  
  145  31:47  Marauder  
  149  31:53  SCV  
  146  31:55  Marauder, Marine  
  146  31:57  SCV  
  146  31:58  Marine  
  146  31:59  Marauder  
  148  32:07  Marine  
  143  32:14  Marine  
  143  32:15  Marauder  
  145  32:16  SCV  
  135  32:24  Marine  
  135  32:25  Marauder  
  135  32:27  Marine  
  138  32:30  Marine  
  137  32:42  Marine x2  
  137  32:43  Marauder, SCV  
  142  32:46  Marine  
  142  32:51  Marine  
  144  32:55  Marine  
  144  32:57  Marine  
  146  33:00  Marine  
  146  33:05  Marine  
  123  33:14  Marine  
  96  33:21  Marine  
  90  33:27  Marauder x2  
  90  33:28  Marine  
  90  33:31  SCV  
  96  33:35  Marine  
  96  33:40  Marine  
  98  33:43  Marine  
  98  33:44  SCV  
  96  33:55  Marine  
  93  33:56  Marauder  
  93  34:01  Marine  
  97  34:08  Marine  
  96  34:17  SCV  
  95  34:28  Siege Tank, Marauder  
  94  34:31  Marauder  
  94  34:35  Marauder, SCV  
  94  34:36  SCV  
  101  34:47  SCV  
  101  34:49  SCV  
  101  34:52  Marauder  
  107  34:56  Marine, Medivac x2  
  107  34:58  Marauder  
  111  35:04  Marauder  
  113  35:10  Siege Tank  
  115  35:15  SCV x2  
  115  35:18  Marine  
  118  35:23  Marauder, Orbital Command  
  118  35:27  Marauder, SCV  
  123  35:31  SCV  
  124  35:37  Marauder  
  124  35:38  Marine x2  
  124  35:39  SCV  
  128  35:47  Marine  
  128  35:48  Marauder, Marine  
  132  35:56  Marine  
  133  36:00  Marine  
  133  36:01  Siege Tank  
  137  36:06  Marauder  
  137  36:21  Marine x2  
  137  36:22  Marauder  
  139  36:29  Marine  
  139  36:30  Marauder  
  124  36:36  Marine  
  124  36:38  Marine  
  126  36:43  Marauder  
  90  36:49  Marine, Medivac x2  
  90  36:50  Marine  
  90  36:52  SCV x2  
  90  36:53  SCV  
  99  36:54  Marine  
  99  36:56  Marine  
  99  36:59  Siege Tank  
  102  37:02  Marauder  
  102  37:03  Barracks Tech Lab  
  102  37:04  Marine  
  102  37:07  Marine  
  106  37:08  Marine  
  106  37:12  Liberator, Marine, SCV  
  106  37:14  Marine  
  107  37:22  Marauder  
  106  37:23  Marine  
  105  37:33  SCV  
  105  37:35  SCV  
  105  37:36  Marine  
  113  37:38  Marine  
  113  37:39  Marine  
  113  37:42  SCV  
  116  37:44  Marine x2  
  116  37:45  Marine  
  116  37:49  Marauder, Refinery  
  116  37:51  Refinery  
  119  37:54  Marine  
  119  37:58  Marine x2  
  121  38:00  SCV  
  121  38:02  Marine x2  
  121  38:04  Marine  
  118  38:17  Marine x2  
  114  38:23  Marine x2  
  114  38:24  SCV  
  114  38:25  Marine x3  
  112  38:34  Marine  
  112  38:35  Marine  
  112  38:37  SCV  
  112  38:41  Marine x2  
  115  38:42  Marine  
  115  38:43  Marine x2  
Tags
 
Add a new tag
Caveats
  • Supply blocks, unpowered buildings, or Contaminate may cause inaccurate times.
  • Supply counts are checked every 10 seconds.